 Dungeon Crawl Stone Soup version 0.17-a0-1946-gfb768fe (webtiles) character file.

26411 HungrySpirit the Unseen (level 12, -1/91 HPs)
             Began as a Vampire Skald on Oct 1, 2015.
             Was an Elder of Okawaru.
             Slain by Snorg (19 damage)
             ... on level 3 of the Orcish Mines on Oct 2, 2015.
             The game lasted 01:04:33 (22098 turns).

HungrySpirit the Unseen (Vampire Skald)            Turns: 22098, Time: 01:04:34

Health: -1/91      AC: 11    Str: 11    XL:     12   Next: 98%
Magic:  15/22      EV: 24    Int: 15    God:    Okawaru [****..]
Gold:   1584       SH:  0    Dex: 18    Spells: 3 memorised, 18 levels left

rFire  . . .     SeeInvis +     r - +5 rapier (elec)
rCold  . . .     Clarity  .     b - +0 leather armour
rNeg   + . .     SustAt   .     (no shield)
rPois  .         Gourm    .     (no helmet)
rElec  .         Spirit   .     l - +0 cloak
rCorr  .         Warding  +     o - +2 pair of gloves
rMut   .         Stasis   .     v - +0 pair of boots
MR     +....                    B - amulet of warding
Stlth  +++++++++.               (no ring)
                                f - +2 ring of protection

@: heroism, infused, regenerating quickly, somewhat resistant to hostile
enchantments, incredibly stealthy
A: fangs 3, see invisible, unbreathing
a: Heroism, Renounce Religion


You were on level 3 of the Orcish Mines.
You worshipped Okawaru.
Okawaru was greatly pleased with you.
You were very full.

You visited 4 branches of the dungeon, and saw 20 of its levels.

You collected 1584 gold pieces.

Inventory:

Hand weapons
 r - a +5 rapier of electrocution (weapon)
 J - a +0 quick blade
Armour
 b - a +0 leather armour (worn)
 l - a +0 cloak (worn)
 o - a +2 pair of gloves (worn)
 v - a +0 pair of boots (worn)
Jewellery
 f - a +2 ring of protection (left hand)
 w - a +4 ring of protection
 B - an amulet of warding (around neck)
 G - an uncursed amulet of faith
Magical devices
 p - a wand of slowing (18)
 t - a wand of digging (3)
 u - a wand of fire (11)
 x - a wand of teleportation (8)
 y - a wand of polymorph (19)
 z - a wand of cold (0)
 C - a wand of random effects (37)
 E - a wand of slowing (30)
 F - a wand of draining (0)
 H - a wand of paralysis (14)
Scrolls
 h - 2 scrolls of fog
 j - 2 scrolls of amnesia
 n - 2 scrolls of identify
 s - 4 scrolls of recharging
 I - 2 scrolls of torment
 L - 5 scrolls of remove curse
Potions
 d - 2 potions of ambrosia
 g - 4 potions of agility
 i - a potion of curing
 k - 2 potions of magic
 m - 2 potions of cure mutation
 A - a potion of flight
 D - 3 potions of lignification
 M - a potion of brilliance
 O - a potion of resistance
Books
 c - a book of Battle

   Spells                             Type                      Level
   a - Infusion                       Charms                       1
   b - Shroud of Golubria             Charms/Translocation         2
   c - Song of Slaying                Charms                       2
   d - Spectral Weapon                Hexes/Charms                 3
   e - Regeneration                   Charms/Necromancy            3


   Skills:
 - Level 7.5(12.5) Fighting
 * Level 11.5(16.5) Short Blades
 - Level 0.7(5.7) Armour
 + Level 11.3(16.3) Dodging
 - Level 15.1(20.1) Stealth
 - Level 6.6 Spellcasting
 - Level 6.4 Charms
 - Level 5.6 Necromancy
 + Level 1.8 Invocations


You had 18 spell levels left.
You knew the following spells:

 Your Spells              Type           Power        Failure   Level  Hunger
a - Infusion              Chrm           ###...       1%          1    None
b - Regeneration          Chrm/Necr      ###.......   6%          3    ##.....
c - Shroud of Golubria    Chrm/Tloc      ##........   10%         2    None


Dungeon Overview and Level Annotations

Branches:
Dungeon (11/15)            Temple (1/1) D:5            Lair (4/8) D:8
  Swamp (0/4) Lair:3          Orc (4/4) D:10            Elf (0/3) Orc:3
  Snake: Lair:3-6    Spider: Lair:3-6

Altars:
Ashenzari
Cheibriados
Dithmenos
Elyvilon
Fedhas
Gozag
Kikubaaqudgha
Makhleb
Nemelex Xobeh
Okawaru
Qazlal
Ru
Sif Muna
Trog
Vehumet
Xom
Yredelemnul
Zin
The Shining One
Beogh

Shops:
D:6 (

Portals:
Abyss: D:10

Annotations:
Lair:2 exclusion: oklob plant
Lair:4 Sonja
Orc:3 Snorg, Urug


Innate Abilities, Weirdness & Mutations

Your natural rate of healing is unusually fast.
You have razor-sharp teeth.
You have supernaturally acute eyesight.
You can survive without breathing.


Message History

You can no longer speed up your combat.
You climb downwards.
Level annotation: Snorg, Urug Snorg goes berserk!
There is a stone staircase leading up here.
You puncture Snorg!
There is a sudden explosion of sparks!
Snorg is lightly wounded.
Snorg misses you. Snorg claws you!!
Your shroud falls apart!
Snorg claws you!!
You hit Snorg! You bite Snorg.
Snorg is moderately wounded.
Snorg bites you! Snorg completely misses you. Snorg claws you!
You puncture Snorg!
Snorg is moderately wounded.
The orc wizard points at you and mumbles some strange words.
The puff of frost hits you!
* * * LOW HITPOINT WARNING * * *
Snorg bites you!!
You die...

#.........#.#.....#....#
##.#.#...........#.....###
####......>......#...##.###
##.#..#..)........#.......##
#.........(......#....#....#
##...##.[)........#.......##
#...#................#.###
##.#.........o.).....##..##
##....##.#...@>..........##
##..#####....T[..........#
#...##...<.....#.......##
##.##..........#.......#
#####.#...............#
#####...#.#.####.##
######### ###


You could see Snorg (berserk) and an orc wizard.

Vanquished Creatures
  Josephine (D:11)
  2 hydras
  A catoblepas (Lair:4)
  Pikel (D:3)
  A deep elf conjurer (Orc:3)
  2 orc knights (Orc:2)
  Maurice (D:10)
  3 black mambas
  The ghost of graki42 the Thaumaturge, an experienced DECj of Vehumet (D:7)
  5 spiny frogs
  2 komodo dragons (Lair:1)
  A troll (D:11)
  13 blink frogs
  4 wraiths (D:11)
  Sigmund (D:5)
  8 deep elf fighters (Orc:3)
  2 basilisks
  7 hippogriffs
  2 wargs
  14 yaks
  A human (D:10)
  Edmund (D:5)
  2 hungry ghosts
  6 water moccasins
  2 wasps
  6 porcupines
  2 phantoms
  8 ogres
  A sky beast (D:10)
  19 orc warriors
  5 ice beasts
  3 centaurs
  7 crocodiles
  Blork the orc (D:6)
  2 big kobolds (D:8)
  6 giant frogs
  2 scorpions
  4 wights (D:8)
  6 killer bees
  5 electric eels
  21 orc priests
  A giant frog zombie (D:10)
  6 crimson imps
  2 giant frog skeletons (D:7)
  7 hounds
  20 orc wizards
  2 jellies
  Natasha (thrice) (D:4)
  5 iguanas
  A hell rat (Lair:3)
  30 sheep
  11 worker ants
  A hound skeleton (D:7)
  2 worker ant zombies (D:7)
  13 adders
  6 gnolls (D:3)
  9 river rats (Lair:2)
  4 shadow imps
  An ooze (D:3)
  An adder skeleton (D:4)
  4 worms
  138 orcs
  A ball python (D:1)
  8 goblins
  9 hobgoblins
  18 jackals
  16 kobolds
  8 quokkas
  6 bats
  6 giant cockroaches
  3 giant geckos
  A giant gecko zombie (D:8)
  6 giant newts
  A jackal skeleton (D:8)
  A jackal zombie (D:8)
  A quokka skeleton (D:10)
  15 rats
549 creatures vanquished.

Vanquished Creatures (others)
  A sky beast (D:5)
  A big kobold (D:5)
  A killer bee zombie (D:5)
  2 orcs
  4 jackals
  6 kobolds (D:5)
  2 fungi (Lair:3)
  3 plants
20 creatures vanquished.

Grand Total: 569 creatures vanquished

Notes
Turn   | Place    | Note
--------------------------------------------------------------
     0 | D:1      | HungrySpirit the Vampire Skald began the quest for the Orb.
     0 | D:1      | Reached XP level 1. HP: 16/16 MP: 3/3
   378 | D:1      | Reached XP level 2. HP: 20/22 MP: 5/5
  1186 | D:1      | Reached XP level 3. HP: 15/27 MP: 0/6
  1358 | D:2      | Learned a level 3 spell: Regeneration
  1645 | D:2      | You fall through a shaft!
  1666 | D:3      | Reached XP level 4. HP: 13/33 MP: 1/7
  1816 | D:3      | Reached skill level 4 in Short Blades
  2246 | D:3      | Reached XP level 5. HP: 38/38 MP: 6/9
  2250 | D:3      | Learned a level 2 spell: Shroud of Golubria
  3524 | D:4      | Reached skill level 5 in Short Blades
  3524 | D:4      | Reached XP level 6. HP: 38/44 MP: 7/10
  3583 | D:4      | Reached skill level 1 in Stealth
  3725 | D:4      | Noticed Natasha
  3740 | D:4      | Killed Natasha
  3753 | D:4      | Noticed Natasha
  3760 | D:4      | Killed Natasha
  3773 | D:4      | Noticed Natasha
  3776 | D:4      | Killed Natasha
  4021 | D:4      | Reached XP level 7. HP: 34/49 MP: 12/12
  4129 | D:4      | Found an ancient bone altar of Kikubaaqudgha.
  4129 | D:4      | Found a stormy altar of Qazlal.
  4129 | D:4      | Found a shattered altar of Ashenzari.
  4248 | D:5      | Entered Level 5 of the Dungeon
  4294 | D:5      | Noticed Pikel
  4528 | D:3      | Killed Pikel
  4528 | D:3      | Reached skill level 6 in Short Blades
  4565 | D:4      | Reached XP level 8. HP: 46/55 MP: 12/14
  4574 | D:5      | Reached skill level 7 in Short Blades
  4584 | D:5      | Noticed Sigmund
  4584 | D:5      | Reached skill level 5 in Stealth
  4607 | D:5      | Killed Sigmund
  4836 | D:5      | Noticed Edmund
  4845 | D:5      | Killed Edmund
  4845 | D:5      | Reached skill level 5 in Dodging
  5184 | D:5      | Reached skill level 8 in Short Blades
  5202 | D:5      | Found a snail-covered altar of Cheibriados.
  5549 | D:5      | Found a blossoming altar of Fedhas.
  5683 | D:5      | Found a staircase to the Ecumenical Temple.
  5863 | D:5      | Reached skill level 5 in Spellcasting
  6029 | D:6      | Noticed Blork the orc
  6418 | D:6      | Found Kaurgh's Weapon Shoppe.
  6446 | D:6      | Reached XP level 9. HP: 58/61 MP: 5/16
  6771 | D:7      | Noticed graki42's ghost (experienced DECj)
  6824 | D:6      | Killed Blork the orc
  7626 | D:7      | Killed graki42's ghost
  7626 | D:7      | Reached skill level 9 in Short Blades
  8521 | D:8      | Found a staircase to the Lair.
  8781 | D:8      | Reached XP level 10. HP: 51/67 MP: 19/19
  9487 | D:9      | Reached skill level 10 in Stealth
  9705 | D:9      | Found a shadowy altar of Dithmenos.
  9706 | D:9      | Found a shimmering altar of Xom.
  9967 | D:10     | Entered Level 10 of the Dungeon
  9967 | D:10     | Noticed Maurice
  9968 | D:10     | Killed Maurice
 10182 | D:10     | Reached skill level 5 in Charms
 10327 | D:10     | Found a one-way gate to the infinite horrors of the Abyss.
 10327 | D:10     | Noticed a rust devil
 10402 | Lair:1   | Entered Level 1 of the Lair of Beasts
 10543 | Temple   | Entered the Ecumenical Temple
 10681 | Temple   | Became a worshipper of Warmaster Okawaru
 11130 | Lair:1   | Reached skill level 11 in Stealth
 11220 | Lair:1   | Acquired Okawaru's first power
 11843 | Lair:1   | Reached XP level 11. HP: 55/78 MP: 10/21
 12312 | Lair:2   | Reached skill level 12 in Stealth
 12729 | Lair:2   | Reached skill level 10 in Short Blades
 13189 | Lair:2   | Reached skill level 5 in Fighting
 13777 | Lair:2   | Noticed a five-headed hydra
 13806 | Lair:2   | Killed a five-headed hydra
 14523 | Lair:2   | Reached skill level 13 in Stealth
 14554 | Lair:2   | Reached skill level 10 in Dodging
 14896 | Lair:3   | Noticed a five-headed hydra
 14922 | Lair:3   | Killed a five-headed hydra
 14922 | Lair:3   | Reached skill level 1 in Necromancy
 14967 | Lair:3   | Found a staircase to the Swamp.
 15830 | Lair:3   | Acquired Okawaru's second power
 15934 | Lair:3   | Reached XP level 12. HP: 89/89 MP: 22/22
 16825 | Lair:3   | Reached skill level 5 in Necromancy
 17009 | Lair:3   | Received a gift from Okawaru
 17149 | Lair:4   | Noticed a catoblepas
 17153 | Lair:4   | Killed a catoblepas
 17153 | Lair:4   | Reached skill level 14 in Stealth
 17208 | Lair:4   | Noticed Sonja
 17709 | D:10     | Noticed a hell beast
 17983 | D:10     | Found a staircase to the Orcish Mines.
 17985 | D:10     | Found a roughly hewn altar of Beogh.
 18502 | D:11     | Noticed Josephine
 18517 | D:11     | Killed Josephine
 18766 | D:11     | Noticed a four-headed hydra
 18779 | D:11     | HP: 4/91 [red ugly thing (22)]
 19049 | Orc:1    | Entered Level 1 of the Orcish Mines
 20218 | Orc:3    | Received a gift from Okawaru
 20225 | Orc:3    | Got a slimy robe {god gift}
 20226 | Orc:3    | Identified the +0 robe "Echerexi" {MR+} (Okawaru gifted it to you on level 3 of the Orcish Mines)
 20403 | Orc:2    | Reached skill level 15 in Stealth
 20748 | Orc:3    | Reached skill level 1 in Invocations
 20856 | Orc:3    | Found a staircase to the Elven Halls.
 21057 | Orc:3    | Noticed Snorg
 21059 | Orc:3    | Noticed Urug
 21414 | Orc:2    | Found a roughly hewn altar of Beogh.
 21982 | Orc:4    | Entered Level 4 of the Orcish Mines
 22098 | Orc:3    | Slain by Snorg

Vault maps used:
D:1:      minmay_arrival_stone_box, serial_co_window_serial, co_window_corner_a,
          co_window_paths_b, co_window_paths_b, co_window_paths_a,
          co_window_of_opportunity_a, co_window_broadway_a,
          co_window_broadway_c, co_window_2corner, co_window_broadway_b,
          co_window_2corner, glass_columns_c, glass_columns_c, glass_columns_a,
          glass_columns_b
D:4:      gammafunk_temple_overflow_claw, first_bread, uniq_natasha
D:5:      lemuel_coloured_pillars_altar, kennysheep_mini, temple_hall,
          grunt_decor_arrowhead, uniq_edmund, uniq_sigmund, uniq_pikel
D:6:      serial_shops, shop, uniq_blork_the_orc
D:8:      lair_0_dummy
D:9:      gammafunk_temple_overflow_statue
D:10:     david_orc_5, grunt_livestock, lemuel_hellish_altar, uniq_maurice
D:11:     serial_shops, bzr_firewalk, uniq_josephine
Temple:   eino_narrow_crystal_temple_a_12
Lair:2:   minmay_lair_oklob_bushes, serial_bayou_shore_a
Lair:3:   minmay_swamp_entry_worms, lemuel_fruit_tree
Lair:4:   nicolae_quartered_pool_super, uniq_sonja
Orc:2:    nicolae_orc_accident_2
Orc:3:    nicolae_orc_pool_cavern, elves_outpost_lemuel, uniq_urug, uniq_snorg
Orc:4:    st_orc_town, basic_altar, enter_volcano_2, guppyfry_orc_lava_fort

Action                   |  1- 3 |  4- 6 |  7- 9 | 10-12 || total
-------------------------+-------+-------+-------+-------++-------
Melee: Short sword       |   122 |       |       |       ||   122
       Dagger            |    26 |   220 |   471 |   764 ||  1481
       Rapier            |       |       |       |   597 ||   597
 Cast: Infusion          |     2 |    15 |    14 |    43 ||    74
       Regeneration      |     1 |       |       |       ||     1
       Shroud of Golubri |       |     2 |    12 |    43 ||    57
Invok: Heroism           |       |       |       |    10 ||    10
Evoke: Wand              |       |     1 |       |    15 ||    16
  Use: Potion            |       |       |     7 |    10 ||    17
       Scroll            |       |       |    18 |    22 ||    40
 Stab: Sleeping          |       |     4 |    12 |    36 ||    52
       Distracted        |       |       |     2 |     4 ||     6
  Eat: Corpse            |    14 |    18 |    21 |    78 ||   131
